 Dungeon Crawl Stone Soup version 0.24-a0-271-ga0fc33f (webtiles) character file.

Game seed: 15640926763536761080

10419 Laiders72 the Basher (level 11, 0/99 HPs)
             Began as a Minotaur Berserker on Apr 23, 2019.
             Was a High Priest of Trog.
             Slain by a meliai
             ... wielding a +0 war axe
              (4 damage)
             ... in a Gauntlet.
             The game lasted 00:32:26 (11998 turns).

Laiders72 the Basher (Minotaur Berserker)          Turns: 11998, Time: 00:32:27

Health: 0/99       AC: 11    Str: 31      XL:     11   Next: 35%
Magic:  10/10      EV: 11    Int:  1 (2)  God:    Trog [*****.]
Gold:   665        SH:  7    Dex: 12      Spells: 10/10 levels left

rFire    . . .     SeeInvis +   a - +3 flail (drain)
rCold    . . .     Gourm    .   C - +2 buckler
rNeg     + . .     Faith    .   B - +1 plate armour of the Vestibule of Hell {Str+4 Int-3 SInv} (curse)
rPois    +         Spirit   .   (helmet restricted)
rElec    .         Reflect  .   r - +1 cloak
rCorr    .         Harm     .   (no gloves)
MR       .....     NoTele   +   (no boots)
Stlth    ..........             (no amulet)
HPRegen  0.26/turn              k - ring of poison resistance
MPRegen  0.12/turn              x - ring of positive energy

@: mighty
A: retaliatory headbutt, horns 2, deformed body
a: Berserk, Trog's Hand, Brothers in Arms, Renounce Religion


You were in a Gauntlet.
You worshipped Trog.
Trog was extremely pleased with you.
You were not hungry.

You visited 1 branch of the dungeon, and saw 11 of its levels.
You also visited: Gauntlet.

You collected 665 gold pieces.

Inventory:

Hand Weapons
 a - a +3 flail of draining (weapon)
 b - a +6 hunting sling
Missiles
 c - 3 throwing nets (quivered)
 K - 185 sling bullets
Armour
 r - a +1 cloak (worn)
 A - a +0 plate armour
 B - the cursed +1 plate armour of the Vestibule of Hell (worn) {Str+4 Int-3 SInv}
   (You found it in a Gauntlet)

   It affects your strength (+4).
   It affects your intelligence (-3).
   It lets you see invisible.
   It has a curse placed upon it.
 C - a +2 buckler (worn)
Jewellery
 k - a ring of poison resistance (left hand)
 x - a ring of positive energy (right hand)
 I - an uncursed ring of protection from fire
Wands
 m - a wand of random effects (15)
 s - a wand of acid (22)
 y - a wand of enslavement (6)
 z - a wand of flame (33)
 D - a wand of paralysis (4)
Scrolls
 f - 3 scrolls of enchant armour
 h - 8 scrolls of remove curse
 j - 4 scrolls of fog
 n - 13 scrolls of teleportation
 u - a scroll of identify
 v - 2 scrolls of magic mapping
 E - a scroll of silence {unknown}
 F - a scroll of enchant weapon
Potions
 e - 8 potions of curing
 g - 3 potions of flight
 i - a potion of agility
 l - a potion of lignification {unknown}
 o - a potion of ambrosia
 q - a potion of cancellation {unknown}
 t - 5 potions of haste
 G - a potion of brilliance {unknown}
 H - a potion of degeneration {unknown}
 J - 2 potions of magic
 N - a potion of invisibility
Comestibles
 d - 21 rations


   Skills:
 - Level 10.0 Fighting
 - Level 14.0 Maces & Flails
 + Level 6.4 Slings
 + Level 7.5 Armour
 + Level 6.9 Dodging
 - Level 4.9 Shields


You had 10 spell levels left.
You didn't know any spells.
Your spell library was empty.

Dungeon Overview and Level Annotations

Branches:
Dungeon (11/15)            Temple (0/1) D:4            Lair (0/6) D:10
    Orc: D:9-12

Altars:
Cheibriados
Nemelex Xobeh
Okawaru
Qazlal
Ru
Xom
The Shining One
Beogh

Annotations:
Gauntlet 7 transporters


Innate Abilities, Weirdness & Mutations

You reflexively headbutt those who attack you in melee.
You have a pair of horns on your head.
Armour fits poorly on your strangely shaped body.


Message History

The meliai mumbles some strange prayers to its god against you.
Something smites you!
* * * LOW HITPOINT WARNING * * *
The meliai hits you with a cursed -2 hand axe.
* * * LOW HITPOINT WARNING * * *
The meliai barely misses your swamp worm.
The meliai misses you.
Okay, then.
Okay, then.
It was a potion of might.
You feel very mighty all of a sudden. The meliai barely misses you.
The meliai barely misses your raiju.
The meliai hits your red devil with a +0 war axe.
You block the meliai's attack. The meliai closely misses you.
You furiously retaliate!
You headbutt the meliai!
The meliai barely misses your red devil.
The meliai closely misses you. x2
The meliai hits your swamp worm with a cursed -2 hand axe.
You block the meliai's attack. The meliai hits you with a +0 war axe.
You die...

...QQQ##..#55(......#..#....#
########..###########..#©...#
.......................#.....
.....................∩.#....#
.#########..#########..#©...#
.#©#...'.#..##.##..##..#....#
.#.#.###.#..#.#w.##[#.§###..#
##...#...####.#y#y#)#..§# ..#
©#####.###©©##.#@4#©#..## .#
##.....#©####.##y#w?#..≈#
.#.#####.#..##.h##..#..##
.#.......#..#h##.h###..≈#
§#########..#########..##
..§....................≈#
.§.....................##
≈#§#≈#≈#≈#≈#≈#≈#§#≈#≈#≈#
########################


You could see 3 meliai, 3 friendly raiju, 2 friendly swamp worms and a friendly
red devil.

Vanquished Creatures
  Harold (D:7)
  A death knight (D:10)
  An unseen horror (D:10)
  A worldbinder (Gauntlet)
  Joseph (D:7)
  A komodo dragon (D:10)
  Grinder (D:3)
  2 hippogriffs
  A spriggan (D:8)
  A wraith (D:11)
  5 yaks (D:9)
  2 chaos spawn (Gauntlet)
  Menkaure (D:7)
  4 ice beasts
  5 orc warriors
  2 sky beasts
  2 black bears
  2 phantoms
  6 ogres
  2 necrophages
  2 boggarts (Gauntlet)
  3 centaurs
  Blork the orc (D:4)
  2 bullfrogs
  A big kobold (D:9)
  A gnoll sergeant (D:7)
  A wyvern zombie (D:11)
  A wyvern skeleton (D:10)
  4 scorpions
  13 killer bees
  2 howler monkeys
  5 wights (D:9)
  6 crimson imps
  4 hounds
  2 jellies
  7 orc priests
  10 orc wizards
  Crazy Yiuf (D:2)
  2 bullfrog skeletons
  A centaur skeleton (D:10)
  3 iguanas
  Ijyb (D:3)
  Natasha (twice) (D:2)
  7 worker ants
  A hound skeleton (D:9)
  Robin (D:2)
  8 gnolls
  A howler monkey skeleton (D:4)
  13 adders
  3 shadow imps
  An adder skeleton (D:7)
  5 worms
  4 dart slugs
  6 leopard geckos
  39 orcs
  8 bats
  5 giant cockroaches
  18 goblins
  9 hobgoblins
  6 quokkas
  A ball python (D:2)
  5 frilled lizards
  9 kobolds
  A leopard gecko skeleton (D:5)
  A leopard gecko zombie (D:5)
  12 rats
281 creatures vanquished.

Vanquished Creatures (collateral kills)
  A neqoxec (Gauntlet)
  An orc warrior (D:8)
  An ogre (D:8)
  12 orcs (D:8)
15 creatures vanquished.

Vanquished Creatures (others)
  A plant (D:10)
1 creature vanquished.

Grand Total: 297 creatures vanquished

Notes
Turn   | Place    | Note
-------+----------+-------------------------------------------
     0 | D:1      | Laiders72 the Minotaur Berserker began the quest for the
                  | Orb.
     0 | D:1      | Reached XP level 1. HP: 19/19 MP: 0/0
    60 | D:1      | Reached skill level 4 in Maces & Flails
   102 | D:1      | Reached XP level 2. HP: 26/27 MP: 1/1
   853 | D:2      | Reached XP level 3. HP: 26/33 MP: 2/2
  1139 | D:2      | Reached skill level 5 in Maces & Flails
  1142 | D:2      | Reached ** piety under Trog
  1687 | D:2      | Found a runed translucent door.
  1688 | D:2      | Noticed Crazy Yiuf
  1721 | D:2      | Noticed Natasha
  1729 | D:2      | Killed Natasha
  1729 | D:2      | Reached XP level 4. HP: 34/41 MP: 3/3
  1826 | D:2      | Noticed Robin
  1856 | D:2      | Killed Robin
  2178 | D:2      | Killed Crazy Yiuf
  2178 | D:2      | Reached skill level 5 in Fighting
  2178 | D:2      | Reached skill level 6 in Maces & Flails
  2178 | D:2      | Reached XP level 5. HP: 17/48 MP: 1/4
  2429 | D:3      | Noticed Grinder
  2437 | D:3      | Killed Grinder
  2437 | D:3      | Reached skill level 7 in Maces & Flails
  2437 | D:3      | Reached XP level 6. HP: 57/57 MP: 5/5
  2765 | D:3      | Noticed Ijyb
  2776 | D:3      | Killed Ijyb
  2889 | D:3      | Reached skill level 8 in Maces & Flails
  2898 | D:3      | Reached *** piety under Trog
  3056 | D:3      | Found a snail-covered altar of Cheibriados.
  3144 | D:4      | Found a staircase to the Ecumenical Temple.
  3266 | D:4      | Reached XP level 7. HP: 58/63 MP: 6/6
  3657 | D:5      | Entered Level 5 of the Dungeon
  3657 | D:5      | Noticed Blork the orc
  3674 | D:4      | Killed Blork the orc
  3674 | D:4      | Reached skill level 9 in Maces & Flails
  3920 | D:5      | Reached XP level 8. HP: 26/73 MP: 7/7
  4173 | D:5      | Reached skill level 10 in Maces & Flails
  4732 | D:6      | Reached skill level 1 in Shields
  5499 | D:7      | Reached skill level 11 in Maces & Flails
  5698 | D:7      | Reached **** piety under Trog
  5721 | D:7      | Reached XP level 9. HP: 66/82 MP: 8/8
  5739 | D:7      | Found a glowing golden altar of the Shining One.
  5847 | D:7      | Noticed Harold
  5868 | D:7      | Killed Harold
  5868 | D:7      | Reached skill level 12 in Maces & Flails
  6064 | D:7      | Noticed Joseph
  6082 | D:7      | Killed Joseph
  6388 | D:7      | Noticed Menkaure
  6394 | D:7      | Killed Menkaure
  6394 | D:7      | Reached skill level 10 in Fighting
  6394 | D:7      | Reached skill level 13 in Maces & Flails
  6471 | D:7      | Found an iron altar of Okawaru.
  6471 | D:7      | Found a sparkling altar of Nemelex Xobeh.
  6476 | D:7      | Found a faded altar of an unknown god.
  6478 | D:7      | Found a stormy altar of Qazlal.
  6480 | D:7      | Found a glowing golden altar of the Shining One.
  6790 | D:2      | Noticed Natasha
  6794 | D:2      | Killed Natasha
  7169 | D:8      | Reached XP level 10. HP: 93/93 MP: 9/9
  7800 | D:8      | Reached skill level 14 in Maces & Flails
  8033 | D:8      | Reached skill level 1 in Slings
  8070 | D:8      | Found a roughly hewn altar of Beogh.
  8654 | D:8      | Found a shimmering altar of Xom.
  8654 | D:8      | Found a shimmering altar of Xom.
  8657 | D:8      | Found a shimmering altar of Xom.
  8657 | D:8      | Found a shimmering altar of Xom.
  9096 | D:9      | Reached ***** piety under Trog
  9366 | D:9      | Received a gift from Trog
  9517 | D:9      | Reached skill level 5 in Armour
  9820 | D:10     | Entered Level 10 of the Dungeon
  9826 | D:10     | Reached skill level 5 in Dodging
  9918 | D:10     | Noticed a death knight
  9940 | D:10     | Killed a death knight
 10100 | D:10     | Reached skill level 5 in Slings
 10160 | D:10     | Found a staircase to the Lair.
 10183 | D:10     | Reached XP level 11. HP: 66/99 MP: 10/10
 10771 | D:10     | Killed an unseen horror
 11185 | D:11     | Found a sacrificial altar of Ru.
 11246 | D:11     | Received a gift from Trog
 11399 | D:11     | Found a gate leading to a gauntlet.
 11456 | Gauntlet | Entered a Gauntlet
 11456 | Gauntlet | Found a transporter.
 11456 | Gauntlet | Found a transporter.
 11456 | Gauntlet | Found a transporter.
 11456 | Gauntlet | Noticed a catoblepas
 11480 | Gauntlet | Found a transporter.
 11489 | Gauntlet | Noticed a tengu warrior
 11490 | Gauntlet | Found a transporter.
 11493 | Gauntlet | Found a transporter.
 11503 | Gauntlet | Found a transporter.
 11516 | Gauntlet | Noticed a reaper
 11522 | Gauntlet | Found the +2 pair of boots of the Assassin {Detection Stab+
                  | Stlth++}
 11523 | Gauntlet | Found a transporter.
 11528 | Gauntlet | Found a transporter.
 11531 | Gauntlet | Found a transporter.
 11532 | Gauntlet | Found a runed translucent door.
 11542 | Gauntlet | Found a transporter.
 11542 | Gauntlet | Found a transporter.
 11676 | Gauntlet | Gained mutation: Armour fits poorly on your strangely
                  | shaped body. [a neqoxec]
 11902 | Gauntlet | Noticed an ironheart preserver
 11923 | Gauntlet | Got a scorched plate armour
 11937 | Gauntlet | Identified the cursed +1 plate armour of the Vestibule of
                  | Hell {Str+4 Int-3 SInv} (You found it in a Gauntlet)
 11997 | Gauntlet | HP: 4/99 [meliai/cursed -2 hand axe (2)]
 11998 | Gauntlet | Slain by a meliai

Levels and vault maps discovered:
D:1:      dpeg_arrival_ternary, layout_loops_ring
D:2:      layout_basic, first_ration, uniq_robin, uniq_crazy_yiuf_cottage,
          uniq_natasha
D:3:      minmay_spotlight, layout_loops_ring, kennysheep_slug_shrine,
          uniq_grinder, uniq_ijyb
D:4:      layout_basic, minmay_temple_entry_overgrown, hangedman_minor_gate_pass
D:5:      layout_cave_pools, uniq_blork_the_orc
D:6:      layout_loops_ring, kennysheep_small_square
D:7:      layout_basic, chequers_temple_overflow_minitemple, basic_altar,
          uniq_joseph, uniq_harold, uniq_menkaure
D:8:      layout_gridville, special_room [special_room_orc], the_bakery,
          xom_redecorated
D:9:      layout_loops_ring, kennysheep_generic_room_5
D:10:     layout_gridville, david_lair_shrubbed
D:11:     layout_cave_pods, gauntlet_entry_generic,
          nicolae_ru_sacrificial_ziggurat
Gauntlet: minmay_gauntlet_mixed_big_or_small [nicolae_gauntlet_arena_grate_2,
          minmay_gauntlet_arena_77_chump_sandwich, nicolae_gauntlet_arena_x,
          minmay_gauntlet_arena_77_path, gammafunk_gauntlet_arena_spirals,
          minmay_gauntlet_arena_77_mess, gauntlet_exit_spiral]

Skill      XL: |  1  2  3  4  5  6  7  8  9 10 11 |
---------------+----------------------------------+-----
Maces & Flails | 4 5 6 7 8 9 11 13 14 | 14.0
Fighting       | 4 5 6 7 8 10 | 10.0
Shields        | 3 4 |  4.9
Slings         | 5 6 |  6.4
Armour         | 6 7 |  7.5
Dodging        | 5 6 |  6.9

Action                   |  1- 3 |  4- 6 |  7- 9 | 10-12 || total
-------------------------+-------+-------+-------+-------++-------
Melee: Mace              |    69 |   105 |   253 |    56 ||   483
       Headbutt          |    14 |    15 |    46 |    55 ||   130
       Flail             |       |       |       |   204 ||   204
       Hunting sling     |       |       |       |    36 ||    36
 Fire: Hunting sling     |       |       |     3 |   111 ||   114
Throw: Tomahawk          |       |       |       |     2 ||     2
Invok: Trog's Hand       |       |     3 |     1 |     1 ||     5
       Berserk           |       |     2 |     3 |     2 ||     7
       Brothers in Arms  |       |       |       |     3 ||     3
  Use: Scroll            |       |     9 |     3 |     9 ||    21
       Potion            |       |       |       |     2 ||     2
 Stab: Sleeping          |     1 |       |       |       ||     1
  Eat: Chunk             |     2 |     8 |    15 |    10 ||    35
       Ration            |       |       |       |     3 ||     3
Armor: Animal skin       |     9 |       |       |       ||     9
       Scale mail        |     4 |    41 |     6 |       ||    51
       Chain mail        |       |       |    32 |       ||    32
       Plate armour      |       |       |   104 |   251 ||   355
Dodge: Dodged            |    46 |    70 |   101 |   130 ||   347
Block: Buckler           |       |       |    58 |   131 ||   189

Table legend:
 A = Non-vault XP
 B = Vault XP
 C = Vault XP percentage of total XP
 D = Non-vault monster count
 E = Vault monster count
 F = Vault count percentage of total count
                 A         B        C        D         E       F
            +---------+---------+-------+---------+---------+-------
      Total |   10462 |    4423 |  29.7 |     228 |      68 |  23.0
            +---------+---------+-------+---------+---------+-------
        D:1 |      28 |       0 |   0.0 |      16 |       0 |   0.0
        D:2 |     105 |     110 |  51.2 |      24 |      15 |  38.5
        D:3 |     191 |     311 |  62.0 |      26 |       8 |  23.5
        D:4 |     221 |     192 |  46.5 |       6 |       5 |  45.5
        D:5 |     591 |       0 |   0.0 |      21 |       0 |   0.0
        D:6 |     487 |       3 |   0.6 |      11 |       1 |   8.3
        D:7 |    1303 |    1597 |  55.1 |      28 |       3 |   9.7
        D:8 |    1511 |     621 |  29.1 |      26 |      26 |  50.0
        D:9 |    2167 |      55 |   2.5 |      33 |       3 |   8.3
       D:10 |    2206 |     350 |  13.7 |      11 |       1 |   8.3
       D:11 |    1652 |       0 |   0.0 |      26 |       0 |   0.0
   Gauntlet |       0 |    1184 | 100.0 |       0 |       6 | 100.0
            +---------+---------+-------+---------+---------+-------
